 Dungeon Crawl Stone Soup version 0.22-a0-40-g3d2f077 (webtiles) character file.

243263 torrenera the Warrior (level 18, 0/140 HPs)
             Began as a Demonspawn Fighter on Jan 4, 2018.
             Was the Champion of Makhleb.
             Slain by a very large slime creature (35 damage)
             ... on level 13 of the Dungeon.
             The game lasted 03:01:46 (46926 turns).

torrenera the Warrior (Demonspawn Fighter)         Turns: 46926, Time: 03:01:48

Health: 0/140      AC: 38    Str: 20    XL:     18   Next: 70%
Magic:  0/35       EV: 10    Int: 10    God:    Makhleb [******]
Gold:   2428       SH: 12    Dex: 21    Spells: 17/17 levels left

rFire    + . .     SeeInvis .   J - +1 double sword of Freehold {slice, +Fly Dex+4}
rCold    + + .     Gourm    .   c - +0 shield
rNeg     + . .     Faith    .   n - +2 plate armour {rC+}
rPois    .         Spirit   +   k - +2 hat
rElec    .         Reflect  .   E - scarf {rC+ rF+}
rCorr    .         Harm     .   u - +2 pair of gloves
MR       +....                  j - +2 pair of boots
Stlth    ..........             o - amulet of guardian spirit
HPRegen  0.33/turn              p - ring of magical power
MPRegen  0.24/turn              b - ring of positive energy

@: sanguine armour, slowed, heavily drained, very slow
A: claws 2, talons 1, camouflage 1, blink, demonic guardian 1, frail 1, spiny 3,
sanguine armour 3
}: 2/15 runes: barnacled, gossamer
a: Blink, Minor Destruction, Lesser Servant of Makhleb, Major Destruction,
Greater Servant of Makhleb, Renounce Religion, Evoke Flight


You were on level 13 of the Dungeon.
You worshipped Makhleb.
Makhleb was exalted by your worship.
You were not hungry.

You visited 8 branches of the dungeon, and saw 34 of its levels.
You also visited: Volcano.

You collected 3809 gold pieces.
You spent 1381 gold pieces at shops.

Inventory:

Hand Weapons
 J - the +1 double sword of Freehold (weapon) {slice, +Fly Dex+4}
   (You found it on level 6 of the Lair of Beasts)

   It inflicts extra damage upon your enemies.
   It affects your dexterity (+4).
   It lets you fly.
Missiles
 q - 102 tomahawks (quivered)
 v - 17 javelins
 G - 17 steel javelins
 V - 11 javelins of penetration
Armour
 c - a +0 shield (worn)
 j - a +2 pair of boots (worn)
 k - a +2 hat (worn)
 n - a +2 plate armour of cold resistance (worn)
 u - a +2 pair of gloves (worn)
 E - a scarf of resistance (worn)
Jewellery
 b - a ring of positive energy (right hand)
 o - an amulet of guardian spirit (around neck)
 p - a ring of magical power (left hand)
 x - an uncursed ring of protection from magic {unknown}
 y - an uncursed ring of see invisible
 A - a +5 ring of strength
 T - an uncursed ring of poison resistance
 W - an uncursed ring of fire
Wands
 l - a wand of digging (45)
 C - a wand of clouds (2)
 N - a wand of iceblast (8)
 O - a wand of paralysis (51)
 Q - a wand of acid (8)
Scrolls
 a - a scroll of enchant armour
 d - 2 scrolls of torment
 g - 19 scrolls of teleportation
 i - 8 scrolls of identify
 m - 9 scrolls of remove curse
 w - 3 scrolls of immolation
 B - 2 scrolls of fog
 R - 6 scrolls of fear
 U - a scroll of summoning
Potions
 e - 2 potions of cancellation
 h - 11 potions of curing
 s - 4 potions of ambrosia
 t - 6 potions of lignification
 z - 2 potions of invisibility
 D - 4 potions of resistance
 H - 3 potions of haste
 K - 3 potions of might
 L - 3 potions of heal wounds
 P - 3 potions of berserk rage
 S - 3 potions of flight
 X - a potion of agility
Comestibles
 f - 38 rations
 r - 5 chunks of flesh


   Skills:
 - Level 17.9(14.7) Fighting
 - Level 16.0(12.9) Long Blades
 - Level 14.2(11.2) Armour
 - Level 10.0(7.3) Dodging
 + Level 10.7(8.0) Shields
 - Level 11.8(9.0) Invocations


You had 17 spell levels left.
You didn't know any spells.

Dungeon Overview and Level Annotations

Branches:
Dungeon (15/15)            Temple (1/1) D:5            Lair (6/6) D:11
 Shoals (4/4) Lair:4       Spider (4/4) Lair:2        Slime (0/5) Lair:6
    Orc (2/2) D:12            Elf (1/3) Orc:2        Vaults (1/5) D:13
 Depths (0/5) D:15

Altars:
Ashenzari
Cheibriados
Dithmenos
Elyvilon
Fedhas
Gozag
Hepliaklqana
Kikubaaqudgha
Makhleb
Nemelex Xobeh
Okawaru
Qazlal
Ru
Sif Muna
Trog
Uskayaw
Vehumet
Wu Jian
Xom
Yredelemnul
Zin
The Shining One
Jiyva

Shops:
D:8 :   Orc:1 *   Orc:2 :!?(

Portals:
Hell: Lair:6

Annotations:
Shoals:4 Torax's ghost, adept OpWz; tidbits's ghost, journeyman GnNe
Elf:1 Frances


Innate Abilities, Weirdness & Mutations

You have very sharp fingernails.
A weak demonic guardian rushes to your aid.
You are completely covered in sharp spines.
When seriously injured, your bleeding wounds create very thick armour. (AC +12)
You have sharp toenails.
Your skin changes colour to match your surroundings (Stealth+).
You can translocate small distances at will.
You are frail. (-10% HP)


Message History

The very large slime creature is struck by your spines.
The very large slime creature hits you.
You block the very large slime creature's attack.
You slice the very large slime creature!!
The very large slime creature is heavily wounded.
You block the very large slime creature's attack.
Your iron imp barely misses the very large slime creature.
You slice the very large slime creature!!
The very large slime creature is heavily wounded.
The very large slime creature is struck by your spines.
The very large slime creature hits you!!!
* * * LOW HITPOINT WARNING * * *
Your iron imp hits the very large slime creature.
You slice the very large slime creature!!
The very large slime creature is severely wounded.
The very large slime creature closely misses you.
Your iron imp hits the very large slime creature.
The very large slime creature is struck by your spines.
The very large slime creature hits you!!!
You die...

...................'.......#
###.....#..........####...##
......#.#.#................##
###.###.#.#...#.#.#.........#
#.###.#.#.#...............#
#...........#.###.........#
#####.####....#∩.....(...##
#.# ##.#.#J[....###.#
#.#####...@5.....# #.#
#................# #.#
######.......#######.#
##.....###......# ##..###
#.###### #..#####.#
#........# #.######## #.#


You could see a very large slime creature and a friendly iron imp.

Vanquished Creatures
  Nikola (Shoals:1)
  Jorgrun (Spider:2)
  Ilsuiw (Shoals:3)
  2 ghost moths (Spider:4)
  6 emperor scorpions
  3 entropy weavers (Spider:1)
  2 ironheart preservers
  Nessos (D:12)
  A deep elf demonologist (D:13)
  4 spark wasps
  3 merfolk javelineers
  The ghost of tidbits the Reanimator, a journeyman GnNe of Cheibriados (D:13)
  6 merfolk impalers
  3 yaktaur captains
  Josephine (Lair:4)
  7 hydras
  A catoblepas (Lair:5)
  21 two-headed ogres
  A death knight (Vaults:1)
  An alligator snapping turtle (Shoals:1)
  6 centaur warriors
  A merfolk aquamancer (Shoals:3)
  4 ogre magi
  2 tengu warriors
  6 death scarabs (Spider:4)
  6 orc high priests (Orc:2)
  A sixfirhy (Lair:6)
  5 deep elf knights
  5 sea snakes
  3 deep elf archers (Elf:1)
  5 unseen horrors
  2 spectral wolf spiders (Spider:4)
  A wizard (Lair:6)
  2 ironbrand convokers (Vaults:1)
  12 harpies
  4 wolf spider zombies (Spider:4)
  2 oklob plants
  8 deep elf magi
  5 cyclopes
  9 orc knights
  35 wolf spiders
  15 orb spiders
  3 orc sorcerers (D:15)
  A shining eye (shapeshifter) (Vaults:1)
  14 ugly things
  A salamander (shapeshifter) (D:15)
  6 moths of wrath
  11 fauns
  3 centaur zombies
  12 manticores
  18 spiny frogs
  2 black mambas
  A naga mage (D:15)
  10 elephants
  3 torpor snails
  2 water nymphs
  2 merfolk sirens
  An orange demon (Lair:6)
  A black mamba (shapeshifter) (Vaults:1)
  3 vault sentinels (Vaults:1)
  A gargoyle (D:11)
  A smoke demon (Lair:6)
  A komodo dragon (shapeshifter) (D:15)
  A kobold demonologist (D:11)
  2 spectral redbacks (Spider:4)
  2 komodo dragons
  12 demonic crawlers
  3 rime drakes
  2 yaktaurs (D:13)
  2 redback zombies (Spider:4)
  2 tengu conjurers (D:14)
  27 merfolk
  3 ice devils (Lair:6)
  A meliai (shapeshifter) (Elf:1)
  3 hornets
  6 trolls
  59 jumping spiders
  A spectral tarantella (Spider:4)
  A merfolk (shapeshifter) (Elf:1)
  2 wind drakes
  7 spectral jumping spiders (Spider:4)
  A jumping spider zombie (Spider:4)
  9 slime creatures
  6 snapping turtles
  10 dream sheep
  9 blink frogs
  2 tarantella zombies (Spider:4)
  10 hippogriffs
  A meliai zombie (D:12)
  A centaur simulacrum (D:15)
  2 air elementals (Elf:1)
  A shadow (D:14)
  Sigmund (D:4)
  72 redbacks
  37 tarantellas
  3 basilisks
  4 wraiths (Lair:4)
  44 yaks
  6 wyverns
  2 hogs (D:7)
  8 water elementals
  A human (D:7)
  4 hungry ghosts
  Menkaure (D:4)
  A warg (Orc:1)
  3 acid dragons
  6 water moccasins
  3 porcupines
  A hornet zombie (Spider:4)
  3 hell hounds (Lair:6)
  39 orc warriors
  5 ice beasts
  2 black bears
  4 sky beasts
  4 phantoms
  12 ogres
  18 centaurs
  11 crocodiles
  2 big kobolds (D:10)
  13 bullfrogs
  3 wyvern skeletons
  2 scorpions
  A hornet simulacrum (D:14)
  14 killer bees
  A howler monkey (D:5)
  9 electric eels
  5 crimson imps
  3 bullfrog zombies
  6 hounds
  2 centaur skeletons
  39 orc priests
  3 jellies
  18 orc wizards
  2 bullfrog skeletons
  A gnoll shaman (D:10)
  3 iguanas
  5 worker ants
  A hound zombie (D:3)
  A hound skeleton (D:8)
  A worker ant zombie (D:8)
  6 gnolls
  15 adders
  5 shadow imps
  An ooze (D:5)
  An adder skeleton (D:9)
  An adder zombie (D:9)
  4 worms (D:5)
  4 dart slugs
  6 leopard geckos
  123 orcs
  8 giant cockroaches
  7 hobgoblins
  A jackal (D:11)
  5 quokkas
  A ball python (D:2)
  13 bats
  2 frilled lizards
  7 goblins
  19 kobolds
  A quokka skeleton (D:4)
  A quokka zombie (D:6)
  9 rats
  9 plants
1170 creatures vanquished.

Vanquished Creatures (collateral kills)
  Rupert (Lair:6)
  A spark wasp (Spider:4)
  A merfolk impaler (Shoals:4)
  2 hydras
  A catoblepas (Lair:2)
  An ogre mage (D:15)
  A two-headed ogre (Orc:2)
  2 death scarabs (Spider:4)
  5 satyrs (Shoals:4)
  A sea snake (Shoals:4)
  A hell knight (Volcano)
  4 orb spiders
  4 harpies
  An oklob plant (Lair:2)
  2 wolf spiders
  A moth of wrath (Spider:3)
  A faun (Shoals:4)
  An ugly thing (Vaults:1)
  Maurice (D:8)
  An elephant (Lair:3)
  2 merfolk sirens (Shoals:4)
  An orange demon (Lair:6)
  2 spiny frogs
  A kobold demonologist (D:13)
  5 jumping spiders
  2 wind drakes
  A merfolk (Shoals:4)
  A spectral jumping spider (Spider:4)
  2 snapping turtles
  A slime creature (D:13)
  3 blink frogs
  5 redbacks
  2 tarantellas (Spider:4)
  An orc warrior (Orc:2)
  An ogre (D:8)
  A crocodile (Lair:5)
  2 bullfrogs
  2 orc priests (Orc:2)
  2 orc wizards
  9 orcs
  A jackal (D:11)
  2 kobolds (D:10)
82 creatures vanquished.

Vanquished Creatures (others)
  A wolf spider (Spider:4)
  2 deep elf magi (Elf:1)
  A jumping spider (Spider:4)
  A tarantella (Spider:3)
  An orc warrior (Orc:2)
  A quokka (D:13)
  10 fungi
  41 plants
58 creatures vanquished.

Grand Total: 1310 creatures vanquished

Notes
Turn   | Place    | Note
-------+----------+-------------------------------------------
     0 | D:1      | torrenera the Demonspawn Fighter began the quest for the Orb.
     0 | D:1      | Reached XP level 1. HP: 18/18 MP: 1/1
   504 | D:1      | Gained mutation: You have sharp fingernails. [demonic ancestry]
   504 | D:1      | Reached XP level 2. HP: 24/24 MP: 2/2
  1124 | D:2      | Reached XP level 3. HP: 14/29 MP: 3/3
  1769 | D:2      | Gained mutation: When seriously injured, your bleeding wounds create armour. (AC +12) [demonic ancestry]
  1769 | D:2      | Reached XP level 4. HP: 34/35 MP: 4/4
  2524 | D:3      | Reached XP level 5. HP: 38/41 MP: 5/5
  2568 | D:3      | Reached skill level 5 in Long Blades
  3670 | D:4      | Reached XP level 6. HP: 32/47 MP: 6/6
  3797 | D:4      | Noticed Sigmund
  3820 | D:4      | Killed Sigmund
  4233 | D:4      | Noticed Menkaure
  4263 | D:5      | Entered Level 5 of the Dungeon
  4467 | D:5      | Reached XP level 7. HP: 48/52 MP: 7/7
  4846 | D:5      | Found a staircase to the Ecumenical Temple.
  4877 | Temple   | Entered the Ecumenical Temple
  5039 | Temple   | Became a worshipper of Makhleb the Destroyer
  5155 | D:5      | Noticed a moth of wrath
  5158 | D:5      | Found a bloodstained altar of Trog.
  6007 | D:6      | Gained mutation: You are partially covered in sharp spines. [demonic ancestry]
  6007 | D:6      | Reached XP level 8. HP: 32/60 MP: 8/8
  6042 | D:6      | HP: 3/60 [poisoned by a gnoll]
  6050 | D:6      | HP: 3/60 [poisoned by a gnoll]
  6588 | D:7      | Reached skill level 4 in Fighting
  6631 | D:7      | Reached * piety under Makhleb
  6635 | D:7      | Reached skill level 10 in Long Blades
  6651 | D:7      | Gained mutation: A weak demonic guardian rushes to your aid. [demonic ancestry]
  6651 | D:7      | Reached XP level 9. HP: 38/67 MP: 4/9
  7140 | D:4      | Killed Menkaure
  7140 | D:4      | Reached skill level 5 in Fighting
  7852 | D:8      | Noticed Maurice
  7878 | D:8      | Killed Maurice
  8010 | D:8      | Reached skill level 6 in Fighting
  8028 | D:8      | Found Fobycu's Book Shoppe.
  8153 | D:9      | Noticed a troll
  8164 | D:9      | Killed a troll
  8205 | D:9      | Noticed a two-headed ogre
  8227 | D:9      | Killed a two-headed ogre
  8227 | D:9      | Reached skill level 7 in Fighting
  8227 | D:9      | Gained mutation: You are mostly covered in sharp spines. [demonic ancestry]
  8227 | D:9      | Reached XP level 10. HP: 76/79 MP: 7/10
  8306 | D:9      | Reached ** piety under Makhleb
  8406 | D:9      | Reached skill level 8 in Fighting
  8573 | D:9      | Reached skill level 5 in Armour
  8898 | D:10     | Entered Level 10 of the Dungeon
  8966 | D:10     | Noticed a two-headed ogre
  8984 | D:10     | Killed a two-headed ogre
  8984 | D:10     | Reached skill level 9 in Fighting
  9006 | D:10     | Reached *** piety under Makhleb
  9371 | D:10     | Noticed a two-headed ogre
  9382 | D:10     | Killed a two-headed ogre
  9505 | D:10     | Reached skill level 10 in Fighting
  9523 | D:10     | Killed an unseen horror
  9531 | D:10     | Gained mutation: You have very sharp fingernails. [demonic ancestry]
  9531 | D:10     | Reached XP level 11. HP: 58/91 MP: 11/11
 10354 | D:11     | Reached **** piety under Makhleb
 10369 | D:11     | Found a staircase to the Lair.
 10374 | D:11     | Noticed an unseen horror
 10376 | D:11     | Killed an unseen horror
 10380 | D:11     | Noticed an oklob plant
 10462 | D:11     | Noticed a two-headed ogre
 10521 | D:11     | Killed a two-headed ogre
 11011 | D:11     | Reached skill level 11 in Fighting
 12106 | D:12     | Noticed a two-headed ogre
 12114 | D:12     | Killed a two-headed ogre
 12150 | D:12     | Noticed a deep elf mage
 12157 | D:12     | Killed a deep elf mage
 12174 | D:12     | Noticed a five-headed hydra
 12185 | D:12     | Killed a five-headed hydra
 12185 | D:12     | Reached skill level 1 in Invocations
 12292 | D:12     | Noticed a two-headed ogre
 12299 | D:12     | Killed a two-headed ogre
 12597 | D:12     | Reached ***** piety under Makhleb
 12722 | D:12     | Reached XP level 12. HP: 80/100 MP: 14/14
 12738 | D:12     | Reached skill level 10 in Armour
 13104 | D:12     | Noticed Nessos
 13115 | D:12     | Killed Nessos
 13620 | D:12     | Reached skill level 1 in Dodging
 13663 | D:12     | Found a staircase to the Orcish Mines.
 13899 | D:13     | Found a white marble altar of Elyvilon.
 13902 | D:13     | Noticed tidbits's ghost (journeyman GnNe)
 13941 | D:13     | Killed tidbits's ghost
 13941 | D:13     | Reached skill level 5 in Invocations
 14205 | D:13     | Noticed a yaktaur captain
 14227 | D:13     | Killed a yaktaur captain
 14317 | D:13     | Found a gate to the Vaults.
 14343 | D:13     | Reached skill level 5 in Dodging
 14607 | D:13     | Got a smoking fustibalus
 15128 | Lair:1   | Entered Level 1 of the Lair of Beasts
 15997 | Lair:2   | Gained mutation: You are completely covered in sharp spines. [demonic ancestry]
 15997 | Lair:2   | Reached XP level 13. HP: 106/106 MP: 20/20
 16177 | Lair:2   | Reached skill level 10 in Invocations
 16848 | Lair:2   | Found a hole to the Spider Nest.
 16976 | Lair:2   | You fall through a shaft!
 18133 | Lair:4   | Found a staircase to the Shoals.
 18210 | Lair:4   | Noticed Josephine
 18222 | Lair:4   | Killed Josephine
 18855 | Lair:5   | Found a dark tunnel.
 18889 | Volcano  | Entered a volcano
 19973 | Lair:6   | Entered Level 6 of the Lair of Beasts
 20008 | Lair:6   | Reached XP level 14. HP: 84/113 MP: 17/22
 20141 | Lair:6   | Found a viscous altar of Jiyva.
 20142 | Lair:6   | Found a staircase to the Slime Pits.
 20159 | Lair:6   | Noticed Rupert
 20159 | Lair:6   | Paralysed by Rupert for 2 turns
 20164 | Lair:6   | Paralysed by Rupert for 5 turns
 20172 | Lair:6   | Killed Rupert
 21220 | Lair:6   | Reached skill level 10 in Dodging
 21314 | Lair:6   | Found a burning altar of Makhleb.
 21334 | Lair:6   | Found a gateway to Hell.
 21343 | Lair:6   | Got an ichor-stained long sword
 21343 | Lair:6   | Got a translucent double sword
 21449 | Lair:6   | Identified the +1 double sword of Freehold {slice, +Fly Dex+4} (You found it on level 6 of the Lair of Beasts)
 21993 | Orc:1    | Entered Level 1 of the Orcish Mines
 22411 | Orc:2    | Entered Level 2 of the Orcish Mines
 22444 | Orc:2    | Reached ****** piety under Makhleb
 23044 | Orc:1    | Found Hihad's Assorted Antiques.
 23049 | Orc:1    | Reached skill level 12 in Fighting
 23092 | Orc:1    | Bought a runed plate armour for 780 gold pieces
 23092 | Orc:1    | Bought a pair of distressingly furry boots for 285 gold pieces
 23092 | Orc:1    | Bought a scroll labeled FIZEDU IZETOUR for 30 gold pieces
 23114 | Orc:1    | Identified the +2 pair of boots of the Hall of Blades {rC- Int+9} (You bought it in a shop on level 1 of the Orcish Mines)
 23939 | Orc:2    | Found a staircase to the Elven Halls.
 24062 | Orc:2    | Gained mutation: When seriously injured, your bleeding wounds create thick armour. (AC +12) [demonic ancestry]
 24062 | Orc:2    | Reached XP level 15. HP: 122/122 MP: 23/23
 24123 | Orc:2    | Found Kefocaum's Distillery.
 24126 | Orc:2    | Found Lomeir's Magic Scroll Shoppe.
 24127 | Orc:2    | Found Xoramiwk's Book Emporium.
 24128 | Orc:2    | Found Wyuvidgh's Antique Weapon Emporium.
 24135 | Orc:2    | Bought a potion of might for 52 gold pieces
 24135 | Orc:2    | Bought a potion of heal wounds for 65 gold pieces
 24135 | Orc:2    | Bought a potion of curing for 39 gold pieces
 24135 | Orc:2    | Bought a potion of curing for 39 gold pieces
 24135 | Orc:2    | Bought a potion of curing for 39 gold pieces
 24135 | Orc:2    | Bought a potion of might for 52 gold pieces
 24415 | Lair:2   | Identified a scroll of acquirement
 25236 | D:15     | Entered Level 15 of the Dungeon
 25239 | D:15     | Reached skill level 13 in Fighting
 25244 | D:15     | Reached skill level 15 in Long Blades
 25865 | D:15     | Found a staircase to the Depths.
 26653 | Spider:1 | Entered Level 1 of the Spider Nest
 27011 | Spider:1 | Reached skill level 14 in Fighting
 28141 | Spider:1 | Gained mutation: When seriously injured, your bleeding wounds create very thick armour. (AC +12) [demonic ancestry]
 28141 | Spider:1 | Reached XP level 16. HP: 134/134 MP: 24/24
 29349 | Spider:2 | Reached skill level 15 in Fighting
 29654 | Spider:2 | Noticed Jorgrun
 30063 | Spider:2 | Killed Jorgrun
 31637 | Spider:3 | Reached skill level 16 in Fighting
 32042 | Spider:4 | Entered Level 4 of the Spider Nest
 32531 | Spider:4 | Reached XP level 17. HP: 113/145 MP: 13/25
 32908 | Spider:4 | Got a slimy ring mail
 34236 | Spider:4 | Reached skill level 17 in Fighting
 34283 | Spider:4 | Identified the +1 ring mail "Egoixej" {rF+} (You found it on level 4 of the Spider Nest)
 35195 | Spider:4 | Got a gossamer rune of Zot
 35477 | Shoals:1 | Entered Level 1 of the Shoals
 36005 | Shoals:1 | Noticed Nikola
 36019 | Shoals:1 | Killed Nikola
 37883 | Shoals:3 | Found a glowing golden altar of the Shining One.
 38028 | Shoals:4 | Entered Level 4 of the Shoals
 38199 | Shoals:3 | Reached XP level 18. HP: 149/156 MP: 24/26
 38260 | Shoals:4 | Noticed tidbits's ghost (journeyman GnNe)
 38324 | Shoals:3 | Reached skill level 5 in Shields
 38861 | Shoals:4 | Noticed Ilsuiw
 39031 | Shoals:3 | Killed Ilsuiw
 39147 | Shoals:4 | Noticed Torax's ghost (adept OpWz)
 40918 | Shoals:3 | HP: 7/156 [poisoned by a sea snake]
 40923 | Shoals:3 | HP: 5/156 [poisoned by a sea snake]
 40929 | Shoals:3 | HP: 3/156 [poisoned by a sea snake]
 40934 | Shoals:3 | HP: 3/156 [poisoned by a sea snake]
 40941 | Shoals:3 | HP: 4/156 [poisoned by a sea snake]
 40949 | Shoals:3 | HP: 5/156 [poisoned by a sea snake]
 42731 | Shoals:4 | Got a barnacled rune of Zot
 43563 | Elf:1    | Entered Level 1 of the Elven Halls
 45373 | Elf:1    | Noticed Frances
 45547 | Vaults:1 | Entered Level 1 of the Vaults
 45764 | Vaults:1 | Gained mutation: You are frail. (-10% HP) [a shining eye]
 45765 | Vaults:1 | Gained mutation: You are very frail. (-20% HP) [a shining eye]
 45895 | Lair:2   | Lost mutation: You are very frail. (-20% HP) [potion of mutation]
 45895 | Lair:2   | Gained mutation: You have sharp toenails. [potion of mutation]
 45895 | Lair:2   | Gained mutation: Your skin changes colour to match your surroundings (Stealth+). [potion of mutation]
 45895 | Lair:2   | Gained mutation: You can translocate small distances at will. [potion of mutation]
 46503 | Vaults:1 | Noticed a Tzitzimitl
 46610 | Vaults:1 | Noticed a Tzitzimitl
 46753 | Vaults:1 | Reached skill level 10 in Shields
 46926 | D:13     | Slain by a very large slime creature

Vault maps used:
D:1:      minmay_arrival_statue_studded, serial_forest,
          infiniplex_forest_lined_2, infiniplex_forest_clump_large,
          infiniplex_forest_clump_medium, infiniplex_forest_zigzag_1,
          infiniplex_forest_clump_tiny, corexii_leaking_fountain,
          minmay_heptomino_o4
D:3:      first_ration, grunt_ministairs_1, st_stairs_10, grunt_decor_cap,
          kennysheep_generic_room_4
D:4:      corner_web_ring, uniq_sigmund, uniq_menkaure
D:5:      minmay_temple_entry_large_hall, portal_sewer_entry_f, tgw_trog
D:7:      grunt_livestock
D:8:      serial_shops, kennysheep_little_box, uniq_maurice
D:11:     dpeg_oklobed_lair, kennysheep_another_room, feat_on_display
D:12:     erik_orc_2, feat_on_display, uniq_nessos
D:13:     david_vaults_2, elyvilon_altar_4
D:14:     hangedman_abyss_or_decor_jellyfish_corner
D:15:     grunt_enter_depths_magical_seal, hangedman_abyss_or_decor_clamps,
          serial_bayou, serial_bayou_shore_b, serial_bayou_crossing,
          serial_bayou_pond_d, serial_bayou_lake_a
Temple:   kilobyte_greek_temple
Lair:1:   grunt_megastairs_4
Lair:2:   spider_nest_entry_funnel_web, serial_bayou_shore_b,
          infiniplex_staircase_pool, grunt_megastairs_1, lemuel_fruit_tree,
          minmay_lair_oklob_chamber
Lair:3:   serial_bayou_shore_a
Lair:4:   elwin_shoals_entry_rocks, beast_lair_carwin_6, uniq_josephine
Lair:5:   nicolae_volcano_entry_two_sided, beast_lair_carwin_2
Lair:6:   evil_forest, slime_altar_1, uniq_rupert
Shoals:1: uniq_nikola
Shoals:2: nicolae_shoals_wave_tunnel
Shoals:3: lemuel_centaur_altar
Shoals:4: shoals_end_grunt_garden, shoal_ilsuiw, nicolae_shoals_seven_spires
Spider:1: nicolae_spider_hall_of_the_moth_king, spider_trap
Spider:2: uniq_jorgrun
Spider:4: floodkiller_spider_rune_tomb, nicolae_orb_stairs
Orc:1:    serial_shops, shop_statue
Orc:2:    st_orc_pillars, nicolae_orc_lava_room
Elf:1:    portal_ice_cave_entry_pillars_2, minmay_elf_necromancy, uniq_frances
Vaults:1: v_misc_31, nicolae_vaults_shelves_hall, nicolae_vaults_network_star,
          ontoclasm_vaults_ring_small, v_misc_3, hangedman_vaults_nodes,
          v_alt_pattern_5, vaults_room_stairs_pillars, hangedman_vaults_cutoff,
          ontoclasm_vaults_shuriken, ontoclasm_vaults_loading_screen,
          ontoclasm_vaults_misaligned, nicolae_vaults_little_squares_2,
          enter_trove_3, serial_shops, shop, serial_glass
Volcano:  volcano_pools

Skill      XL: |  1  2  3  4  5  6  7  8  9 10 11 12 13 14 15 16 17 18 |
---------------+-------------------------------------------------------+-----
Long Blades    | 2 3 4 5 7 8 10 11 12 14 16 | 16.0
Fighting       | 4 7 10 11 12 14 16 17 | 17.9
Armour         | 3 6 9 10 12 14 | 14.2
Invocations    | 3 9 11 | 11.8
Dodging        | 6 9 10 | 10.0
Shields        | 4 10 | 10.7

Action                   |  1- 3 |  4- 6 |  7- 9 | 10-12 | 13-15 | 16-18 || total
-------------------------+-------+-------+-------+-------+-------+-------++-------
Melee: Long sword        |   109 |   283 |   102 |     6 |       |       ||   500
       Short sword       |       |       |   205 |   812 |   271 |       ||  1288
       Great sword       |       |       |       |       |   191 |       ||   191
       Double sword      |       |       |       |       |   750 |  1691 ||  2441
 Fire: Hunting sling     |       |    49 |     3 |       |       |       ||    52
       Blowgun           |       |       |       |     4 |       |       ||     4
Throw: Tomahawk          |     5 |     7 |       |    12 |    17 |    63 ||   104
       Stone             |     1 |       |       |       |       |       ||     1
Invok: Lesser Servant of |       |       |       |     1 |    27 |    27 ||    55
       Minor Destruction |       |       |       |       |     9 |    17 ||    26
       Major Destruction |       |       |       |       |     2 |     2 ||     4
 Abil: Evoke Flight      |       |       |       |       |       |    20 ||    20
Evoke: Wand              |       |       |     3 |     9 |    11 |    15 ||    38
  Use: Potion            |       |     1 |     1 |       |     2 |    12 ||    16
       Scroll            |       |       |     8 |    15 |    15 |    14 ||    52
 Stab: Distracted        |       |       |       |     5 |    14 |    19 ||    38
       Paralysed         |       |       |       |     3 |       |       ||     3
       Confused          |       |       |       |       |       |     1 ||     1
  Eat: Chunk             |     3 |     9 |    13 |    26 |    35 |    43 ||   129
       Ration            |       |       |       |       |     2 |     7 ||     9
Armor: Scale mail        |    72 |    27 |       |       |       |       ||    99
       Chain mail        |       |   154 |       |       |   139 |       ||   293
       Plate armour      |       |    27 |   127 |   305 |   418 |  1394 ||  2271
Dodge: Dodged            |    29 |    67 |    44 |   121 |   508 |   721 ||  1490
Block: Shield            |    67 |   150 |   121 |   289 |   472 |  1085 ||  2184
       Rpst.: Long sword |     9 |    18 |     4 |       |       |       ||    31
       Great sword       |       |       |       |       |    34 |       ||    34
       Double sword      |       |       |       |       |    55 |   121 ||   176

Table legend:
 A = Spawn XP
 B = Non-spawn XP
 C = Spawn XP percentage of total XP
 D = Spawn monster count
 E = Non-spawn monster count
 F = Spawn count percentage of total count
 G = Total turns spent on level
                    A         B        C        D         E        F      G
               +---------+---------+-------+---------+---------+-------+---------
         Total |       0 |  350658 |   0.0 |       0 |    1248 |   0.0 | 46926
               +---------+---------+-------+---------+---------+-------+---------
           D:1 |       0 |      24 |   0.0 |       0 |      13 |   0.0 |   952
           D:2 |       0 |      90 |   0.0 |       0 |      25 |   0.0 |  1318
           D:3 |       0 |     162 |   0.0 |       0 |      31 |   0.0 |  1080
           D:4 |       0 |     562 |   0.0 |       0 |      15 |   0.0 |  1281
           D:5 |       0 |     384 |   0.0 |       0 |      21 |   0.0 |  1062
           D:6 |       0 |     498 |   0.0 |       0 |      16 |   0.0 |   928
           D:7 |       0 |    1445 |   0.0 |       0 |      13 |   0.0 |   741
           D:8 |       0 |    1161 |   0.0 |       0 |      21 |   0.0 |   596
           D:9 |       0 |    3458 |   0.0 |       0 |      44 |   0.0 |   920
          D:10 |       0 |    3953 |   0.0 |       0 |      45 |   0.0 |  1185
          D:11 |       0 |    5334 |   0.0 |       0 |      47 |   0.0 |  2192
          D:12 |       0 |    8921 |   0.0 |       0 |      48 |   0.0 |  2295
          D:13 |       0 |   13849 |   0.0 |       0 |      55 |   0.0 |  1932
          D:14 |       0 |    9810 |   0.0 |       0 |      29 |   0.0 |   631
          D:15 |       0 |   17419 |   0.0 |       0 |      51 |   0.0 |  1230
        Lair:1 |       0 |    2422 |   0.0 |       0 |      11 |   0.0 |   833
        Lair:2 |       0 |    6643 |   0.0 |       0 |      27 |   0.0 |  2195
        Lair:3 |       0 |    4448 |   0.0 |       0 |      13 |   0.0 |   833
        Lair:4 |       0 |    4776 |   0.0 |       0 |      17 |   0.0 |  1129
        Lair:5 |       0 |    4826 |   0.0 |       0 |      20 |   0.0 |  1333
        Lair:6 |       0 |   19989 |   0.0 |       0 |      53 |   0.0 |  1227
      Shoals:1 |       0 |   12843 |   0.0 |       0 |      23 |   0.0 |  1067
      Shoals:2 |       0 |    9411 |   0.0 |       0 |      21 |   0.0 |   893
      Shoals:3 |       0 |   21472 |   0.0 |       0 |      44 |   0.0 |  3929
      Shoals:4 |       0 |   19916 |   0.0 |       0 |      42 |   0.0 |  1932
      Spider:1 |       0 |   33596 |   0.0 |       0 |      90 |   0.0 |  2740
      Spider:2 |       0 |   16343 |   0.0 |       0 |      40 |   0.0 |   944
      Spider:3 |       0 |   19681 |   0.0 |       0 |      57 |   0.0 |  1197
      Spider:4 |       0 |   52513 |   0.0 |       0 |     120 |   0.0 |  3204
         Orc:1 |       0 |    6001 |   0.0 |       0 |      42 |   0.0 |  1179
         Orc:2 |       0 |   15474 |   0.0 |       0 |      96 |   0.0 |  1457
         Elf:1 |       0 |    8446 |   0.0 |       0 |      17 |   0.0 |  1399
      Vaults:1 |       0 |   19491 |   0.0 |       0 |      34 |   0.0 |   601
       Volcano |       0 |    5297 |   0.0 |       0 |       7 |   0.0 |   296
               +---------+---------+-------+---------+---------+-------+---------
